 Dungeon Crawl Stone Soup version 0.19.0-20-gbc5f0c6 (webtiles) character file.

437 Lochraine the Covered (level 7, -4/44 HPs)
             Began as a Gargoyle Fighter on Nov 16, 2016.
             Was a Follower of Elyvilon.
             Splashed by an orc's acid (11 damage)
             ... on level 4 of the Dungeon.
             The game lasted 00:06:15 (2734 turns).

Lochraine the Covered (Gargoyle Fighter)            Turns: 2734, Time: 00:06:15

Health: -4/44      AC: 10    Str: 20    XL:     7   Next: 1%
Magic:  9/9        EV:  5    Int:  9    God:    Elyvilon [*.....]
Gold:   170        SH: 14    Dex: 10    Spells: 0 memorised, 6 levels left

rFire  . . .     SeeInvis .     v - +1 flail (crush)
rCold  . . .     Gourm    .     b - +0 scale mail
rNeg   + . .     Faith    .     h - +0 large shield
rPois  ∞         Spirit   .     y - +0 helmet
rElec  +         Reflect  .     w - +0 cloak
rCorr  .         Harm     .     (no gloves)
MR     .....                    (no boots)
Stlth  ..........               (no amulet)
                                n - ring of fire
                                e - ring of ice

@: corroded
A: negative energy resistance 1, electricity resistance, unbreathing,
petrification resistance, rot immunity, AC +4
a: Lesser Healing, Divine Protection, Renounce Religion


You were on level 4 of the Dungeon.
You worshipped Elyvilon.
Elyvilon was aware of your devotion.
You were not hungry.

You visited 1 branch of the dungeon, and saw 4 of its levels.

You collected 170 gold pieces.

Inventory:

Hand Weapons
 a - a +0 flail
 i - a +0 mace of protection
 v - a +1 flail of crushing (weapon)
Armour
 b - a +0 scale mail (worn)
 c - a +0 shield
 h - a +0 large shield (worn)
 w - a +0 cloak (worn)
 y - a +0 helmet (worn)
Jewellery
 e - a ring of ice (left hand)
 n - a ring of fire (right hand)
Wands
 t - a wand of digging (10/24)
Scrolls
 k - 2 scrolls of remove curse {unknown}
 l - 5 scrolls of identify {unknown}
 q - a scroll of fog {unknown}
 s - 4 scrolls of blinking {unknown}
 u - 2 scrolls of amnesia {unknown}
Potions
 d - 2 potions of might
 m - a potion of ambrosia {unknown}
 o - a potion of curing {unknown}
 r - a potion of lignification {unknown}
 x - a potion of heal wounds {unknown}
Comestibles
 f - 4 bread rations
 g - 2 chunks of flesh
 j - 2 slices of pizza
 p - 3 meat rations


   Skills:
 + Level 4.4 Fighting
 + Level 3.9 Maces & Flails
 + Level 4.7 Armour
 + Level 4.3 Shields
 * Level 3.6 Invocations


You had 6 spell levels left.
You didn't know any spells.

Dungeon Overview and Level Annotations

Branches:
Dungeon (4/15)
 Temple: D:4-7

Altars:
Cheibriados
Dithmenos
Elyvilon
Fedhas
Makhleb
Nemelex Xobeh
Trog
Uskayaw
The Shining One


Innate Abilities, Weirdness & Mutations

You are resistant to torment.
Your stone body is resilient. (AC +4)
You are immune to poison.
You resist negative energy. (rN+)
You are resistant to electric shocks. (rElec)
You can survive without breathing.
You are immune to petrification.
You are immune to rotting.


Message History

An orc is nearby!
The orc zaps a wand.
The bolt of acid hits you! The acid corrodes you!
You are splashed with acid!
The acid burns!
It is a wand of acid.
Found 3 fruits.
You block the orc's attack.
You hit the orc.
The orc is heavily wounded.
You block the orc's attack.
You closely miss the orc.
The orc is heavily wounded.
You block the orc's attack. x2
Your shield and scale mail prevent you from hitting the orc.
The orc is heavily wounded.
The orc barely misses you.
You hit the orc.
The orc is almost dead.
The orc zaps a wand.
The bolt of acid hits you!
* * * LOW HITPOINT WARNING * * *
You are splashed with acid!
The acid burns!
You die...

#.# .# #.#
###.######.#
...........#
##...####..#
#.....###..#
#.....%.#..# #
#..o....#.(# ##.
#.@.....#..# #...
#.#######..#
.....###.# #..#
.........# #>.#
.%...##..# #..#
....###.÷# #..#
.#.......#######..#
####............<#
#.#..#######.##


You could see an orc.

Vanquished Creatures
  Edmund (D:3)
  A phantom (D:4)
  An orc wizard (D:4)
  Crazy Yiuf (D:3)
  A worker ant (D:4)
  2 adders (D:3)
  3 gnolls (D:3)
  2 oozes (D:1)
  4 worms
  2 dart slugs
  4 leopard geckos
  3 orcs (D:4)
  4 bats
  6 giant cockroaches
  6 hobgoblins
  9 jackals
  10 kobolds
  3 quokkas
  A ball python (D:2)
  8 frilled lizards
  7 goblins
  4 rats (D:1)
83 creatures vanquished.

Notes
Turn   | Place    | Note
-------+----------+-------------------------------------------
     0 | D:1      | Lochraine the Gargoyle Fighter began the quest for the Orb.
     0 | D:1      | Reached XP level 1. HP: 14/14 MP: 1/1
    42 | D:1      | Reached XP level 2. HP: 17/19 MP: 2/2
   294 | D:1      | Reached XP level 3. HP: 17/23 MP: 3/3
   957 | D:2      | Found a white marble altar of Elyvilon.
   982 | D:2      | Became a worshipper of Elyvilon the Healer
  1095 | D:2      | Reached XP level 4. HP: 28/28 MP: 4/4
  1288 | D:2      | Found a glowing golden altar of the Shining One.
  1365 | D:3      | Reached * piety under Elyvilon
  1396 | D:3      | Reached skill level 1 in Invocations
  1435 | D:3      | Found a snail-covered altar of Cheibriados.
  1550 | D:3      | Reached XP level 5. HP: 29/33 MP: 6/6
  1561 | D:3      | Found a blossoming altar of Fedhas.
  1561 | D:3      | Found a bloodstained altar of Trog.
  1570 | D:3      | Found a sparkling altar of Nemelex Xobeh.
  1570 | D:3      | Found a shadowy altar of Dithmenos.
  1853 | D:3      | Found a runed door.
  2109 | D:3      | Found a hide-covered altar of Uskayaw.
  2109 | D:3      | Found a burning altar of Makhleb.
  2233 | D:3      | Noticed Crazy Yiuf
  2245 | D:3      | Killed Crazy Yiuf
  2459 | D:4      | Noticed a phantom
  2502 | D:4      | Noticed Edmund
  2552 | D:3      | Killed Edmund
  2552 | D:3      | Reached XP level 6. HP: 24/38 MP: 6/8
  2719 | D:4      | Killed a phantom
  2719 | D:4      | Reached XP level 7. HP: 31/44 MP: 9/9
  2734 | D:4      | Splashed by an orc's acid

Skill      XL: |  1  2  3  4  5 |
---------------+----------------+-----
Maces & Flails | 3 |  3.9
Armour         | 4 |  4.7
Invocations    | 1 3 |  3.6
Fighting       | 4 |  4.4
Shields        | 4 |  4.3

Action                   |  1- 3 |  4- 6 |  7- 9 || total
-------------------------+-------+-------+-------++-------
Melee: Flail             |    33 |    34 |     4 ||    71
       Mace              |   144 |   212 |       ||   356
       War axe           |       |    19 |       ||    19
  Eat: Chunk             |     1 |     6 |       ||     7
Armor: Scale mail        |   103 |   151 |       ||   254
Dodge: Dodged            |    36 |    33 |     1 ||    70
Block: Shield            |    15 |       |       ||    15
       Large shield      |   139 |   206 |     4 ||   349
